AoeStats
← flynorc

Four Lakes

507162891Analyzed
1v1 RM · 15d ago on Sep 16, 2026· 34m 53s· 2 players
Game mode
Random Map
Map size
Tiny (2 player)
Population
200
Speed
Normal
Resources
Standard
Victory
Conquest
Starting age
Dark Age
Ending age
Imperial Age
RankedLock teamsTeams togetherTeam positionsShared explorationLock speedFull tech treeHidden civsTurbo modeCheats
Victory
Defeat
🇦🇹 Italians · Austria
1566
+16
🇦🇷 Lithuanians · Argentina
1572
-16
flynorc
5:06 Loom
10:21 Feudal Age
10:51 Fishing Lines
13:22 Town Watch
17:17 Castle Age
16:41 Double-Bit Axe
18:09 Gillnets
19:23 Bow Saw
20:55 Fletching
22:32 Gold Mining
24:10 Wheelbarrow
28:07 Imperial Age
26:03 Horse Collar
27:01 Ballistics
26:40 Bodkin Arrow
27:28 Masonry
27:53 Padded Archer Armor
30:16 Chemistry
29:17 Bracer
29:58 Leather Archer Armor
30:31 Bloodlines
29:42 Light Cavalry
31:54 Scale Barding Armor
34:02 Chain Barding Armor
36:03 Plate Barding Armor
Gnocchini
8:02 Loom
10:30 Feudal Age
15:00 Castle Age
14:55 Double-Bit Axe
20:52 Horse Collar
21:31 Town Watch
23:13 Bow Saw
24:17 Heavy Plow
25:42 Wheelbarrow
29:14 Imperial Age
27:00 Gold Mining
28:16 Fletching
28:28 Padded Archer Armor
29:32 Hand Cart
28:40 Elite Skirmisher
29:26 Stone Mining
29:58 Bodkin Arrow
30:20 Leather Archer Armor
30:28 Husbandry
31:25 Bracer
32:17 Conscription
32:33 Ring Archer Armor
33:04 Scale Barding Armor
Connection lost

Rejoining the realm…

Still unreachable

The connection could not be restored.

Session expired

The server has moved on; the page needs a fresh start.